 Dungeon Crawl Stone Soup version 0.28.0-53-g5a82cb258f (webtiles) character file.

Game seed: 15813483486164512850

19 DildoBatman the Conjurer (level 2, 0/15 (19) HPs)
             Began as a Formicid Conjurer on May 29, 2022.
             Slain by an adder (1 damage)
             ... on level 1 of the Dungeon.
             The game lasted 00:02:26 (907 turns).

DildoBatman the Conjurer (Formicid Conjurer)         Turns: 907, Time: 00:02:26

HP:   0/15 (19)     AC:  2    Str: 11    XL:     2   Next: 95%
MP:   5/5           EV: 12    Int: 17    God:
Gold: 138           SH:  0    Dex:  9    Spells: 2/5 levels left

rFire   . . .      SeeInvis +   a - +4 mace
rCold   . . .      Faith    .   (no shield)
rNeg    . . .      Spirit   .   j - +0 robe
rPois   .          Reflect  .   (helmet unavailable)
rElec   .          Harm     .   (no cloak)
rCorr   .          Rampage  .   (no gloves)
Will    .....                   (no boots)
Stlth   ++........              (no amulet)
HPRegen 0.05/turn               (no ring)
MPRegen 0.09/turn               (no ring)

@: lethally poisoned (0 -> -2), heavily drained
A: permanent stasis, dig shafts and tunnels, antennae 3, four strong arms
a: Dig, Shaft Self


You were on level 1 of the Dungeon.
You visited 1 branch of the dungeon, and saw 2 of its levels.

You collected 138 gold pieces.

Inventory:

Hand Weapons
 a - a +4 mace (weapon)
Missiles
 b - 31 arrows
 c - 5 boomerangs
 e - 2 curare-tipped darts
 g - 47 stones
Armour
 j - a +0 robe (worn)
Scrolls
 d - 3 scrolls of identify {unknown}
Potions
 f - a potion of mutation {unknown}
 h - a potion of brilliance {unknown}
 i - 2 potions of curing {unknown}


   Skills:
 - Level 1.7 Dodging
 - Level 2.4 Stealth
 - Level 2.1 Spellcasting
 * Level 4.3 Conjurations


You had 2 spell levels left.
You knew the following spells:

 Your Spells              Type           Power      Damage    Failure   Level
a - Searing Ray           Conj           32%        2d5       4%          2
c - Magic Dart            Conj           64%        1d6       3%          1

Your spell library contained the following spells:

 Spells                   Type           Power      Damage    Failure   Level
 Dazzling Flash           Conj/Hex       18%        N/A       24%         3
 Fulminant Prism          Conj/Hex       4%         3d6       61%         4
 Iskenderun's Mystic Bla  Conj/Tloc      9%         2d4       61%         4


Dungeon Overview and Level Annotations

Branches:
Dungeon (2/15)

Altars:


Innate Abilities, Weirdness & Mutations

You cannot be hasted, slowed, berserked, paralysed or teleported.
You can dig through walls and to a lower floor.
You have a pair of large antennae on your head. (SInv)
Your four strong arms can wield two-handed weapons with a shield.


Message History

You stop ascending the stairs.
The ball python constricts you. The adder barely misses you.
The adder hisses angrily.
The adder bites you.
You are poisoned.
The adder poisons you!
You escape the ball python's grasp.
You feel sick. The adder bites you.
You are more poisoned.
The adder poisons you! The ball python closely misses you.
The ball python grabs you.
You stop ascending the stairs.
The ball python constricts you. The adder barely misses you.
Unknown command.
You escape the ball python's grasp.
You feel sick. The adder closely misses you. The adder bites you.
The ball python bites you. The ball python barely misses you.
The adder misses you.
You climb upwards.
You feel very sick.
There is a stone staircase leading down here.
You extend your mandibles.
You dig through the rock wall.
You feel drained.
You feel sick.
You dig through the rock wall.
You feel drained.
You feel sick.
You dig through the rock wall.
You feel drained.
You feel sick. The adder bites you.
You die...

### #@## ##S##
##S###### #S>....#
#.####.# #.# #.# #.#
#.# #.# #.#########
#####.####..........


You could see 2 adders and a ball python.

Vanquished Creatures
  A worm (D:1)
  A ball python (D:2)
  An endoplasm (D:1)
  2 giant cockroaches (D:1)
  3 goblins (D:1)
  2 hobgoblins (D:1)
  2 jackals (D:1)
  A kobold (D:1)
13 creatures vanquished.

Vanquished Creatures (others)
  2 fungi (D:1)
  4 toadstools (D:1)
6 creatures vanquished.

Grand Total: 19 creatures vanquished

Notes
Turn   | Place    | Note
-------+----------+-------------------------------------------
     0 | D:1      | DildoBatman the Formicid Conjurer began the quest for the
                  | Orb.
     0 | D:1      | Reached XP level 1. HP: 13/13 MP: 3/3
   470 | D:1      | Reached XP level 2. HP: 12/19 MP: 3/5
   473 | D:1      | Learned a level 2 spell: Searing Ray
   512 | D:1      | Reached skill level 4 in Conjurations
   907 | D:1      | Slain by an adder

Illustrated notes

Levels and vault maps discovered:
D:1:      dpeg_arrival_refuge, layout_loops_ring, serial_bayou,
          serial_bayou_pond_b, serial_bayou_shore_b, serial_bayou_pond_e,
          serial_bayou_pond_e, minmay_gold_behind_fungi, moated_statue,
          chequers_avenue, hex_medium, minmay_close_crescents
D:2:      layout_rooms, dreamdust_ecumenical_altar_hidden_monk_grotto

Skill      XL: |  1  2 |
---------------+-------+-----
Conjurations   | 4 |  4.3
Dodging        | |  1.7
Stealth        | |  2.4
Spellcasting   | |  2.1

Action                   || total
-------------------------++-------
Melee: Dagger            ||     9
       Unarmed           ||     7
       Mace              ||    19
       Punch             ||     1
 Cast: Magic Dart        ||    25
       Searing Ray       ||     2
 Abil: Dig               ||     1
Armor: Robe              ||    10
Dodge: Dodged            ||    44
